AoeStats
← JosPros7601

Arabia

509752426Analyzed
1v1 RM · 3d ago on Sep 27, 2026· 30m 39s· 2 players
Game mode
Random Map
Map size
Tiny (2 player)
Population
200
Speed
Normal
Resources
Standard
Victory
Conquest
Starting age
Dark Age
Ending age
Imperial Age
RankedLock teamsTeams togetherTeam positionsShared explorationLock speedFull tech treeHidden civsTurbo modeCheats
Victory
Defeat
🇦🇷 Franks · Argentina
919
+14
🇦🇷 Aztecs · Argentina
879
-14
LucasG
7:53 Loom
10:23 Feudal Age
11:14 Double-Bit Axe
11:42 Horse Collar
16:41 Scale Mail Armor
24:32 Forging
31:20 Castle Age
JosPros7601
6:20 Loom
9:33 Feudal Age
12:50 Double-Bit Axe
14:17 Wheelbarrow
15:37 Town Watch
19:26 Castle Age
18:25 Forging
20:59 Scale Barding Armor
22:27 Husbandry
24:02 Bow Saw
26:35 Iron Casting
27:14 Hand Cart
29:39 Gold Mining
30:17 Chain Barding Armor
Connection lost

Rejoining the realm…

Still unreachable

The connection could not be restored.

Session expired

The server has moved on; the page needs a fresh start.